 Dungeon Crawl Stone Soup version 0.30.0 (webtiles) character file.

Game seed: 13335207678955211938

539 Dani the Chopper (level 7, 51/52 HPs)
             Began as a Demonspawn Fighter on May 20, 2023.
             Was an Initiate of Okawaru.
             Quit the game on level 4 of the Dungeon.
             The game lasted 00:05:08 (2832 turns).

Dani the Chopper (Demonspawn Fighter)               Turns: 2832, Time: 00:05:09

Health: 51/52      AC: 14    Str: 16    XL:     7   Next: 5%
Magic:  7/7        EV:  8    Int: 11    God:    Okawaru [......]
Gold:   224        SH:  4    Dex: 13    Spells: 6/6 levels left

rFire   . . .        a - +0 war axe
rCold   + . .        c - +0 buckler
rNeg    . . .        k - +1 scale mail {rC+}
rPois   .            (helmet restricted)
rElec   .            g - +0 cloak
rCorr   .            e - +0 pair of gloves
SInv    .            j - +2 pair of boots
Will    .....        y - amulet of regeneration Stlth
                     (no ring)
HPRegen 1.08/turn    (no ring)
MPRegen 0.10/turn

%: no passive effects
@: no status effects
A: horns 1, powered by death 2, sharp scales 1
a: Renounce Religion


You were on level 4 of the Dungeon.
You worshipped Okawaru.
Okawaru was noncommittal.
You visited 1 branch of the dungeon, and saw 4 of its levels.

You collected 224 gold pieces.

Inventory:

Hand Weapons
 a - a +0 war axe (weapon)
Armour
 b - a +0 scale mail
 c - a +0 buckler (worn)
 e - a +0 pair of gloves (worn)
   (You found it on level 1 of the Dungeon)
 g - a +0 cloak (worn)
   (You took it off Crazy Yiuf on level 3 of the Dungeon)
 j - a +2 pair of boots (worn)
   (You found it on level 3 of the Dungeon)
 k - a +1 scale mail of cold resistance (worn)
   (You found it on level 2 of the Dungeon)
Jewellery
 y - an amulet of regeneration (around neck)
   (You found it on level 3 of the Dungeon)
Wands
 P - a wand of paralysis (9)
   (You found it on level 3 of the Dungeon)
Scrolls
 f - a scroll of fog
 i - 2 scrolls of poison
 m - a scroll of enchant weapon {unknown}
 R - 4 scrolls of identify {@r1}
Potions
 d - 3 potions of might
 h - 2 potions of heal wounds
 l - a potion of degeneration {unknown}
 H - a potion of haste
 Q - a potion of curing {@q1}


   Skills:
 - Level 3.0 Fighting
 + Level 7.1 Axes
 - Level 2.6 Armour
 - Level 2.6 Shields


You had 6 spell levels left.
You didn't know any spells.
Your spell library was empty.

Dungeon Overview and Level Annotations

Branches:
Dungeon (4/15)
 Temple: D:4-7

Altars:
Okawaru
Vehumet

Annotations:
D:3 exclusion: statue


Innate Abilities, Weirdness & Mutations

You have a pair of small horns on your head.
You regenerate health from kills.
You are partially covered in razor-sharp scales. (AC +1, Slay +1)


Message History

You barely miss the orc wizard. You headbutt the orc wizard.
The orc wizard is heavily wounded.
You slash the orc!
You kill the orc!
Okawaru accepts your kill. You block the orc wizard's attack.
You hit the orc wizard.
The orc wizard is almost dead.
You barely miss the orc priest.
The orc priest hits you but does no damage.
The orc wizard closely misses you.
You barely miss the orc wizard. You headbutt the orc wizard.
You kill the orc wizard!
Okawaru accepts your kill.
You slash the orc priest!
The orc priest hits you but does no damage.
The adder bites you but does no damage.
You barely miss the orc priest.
The orc priest is severely wounded.
You barely miss the adder.
The orc priest hits you but does no damage.
The adder bites you.
You slash the orc priest!
You kill the orc priest!
Okawaru accepts your kill.
You hit the adder but do no damage.
The adder bites you but does no damage. x2
The orc priest closely misses you.
You slash the orc priest!
The orc priest is heavily wounded.
You miss the adder. The adder bites you but does no damage.
The orc priest closely misses you.
You closely miss the orc priest.
The orc priest is heavily wounded.
You closely miss the adder. The adder bites you but does no damage.
The orc priest hits you but does no damage.
The adder barely misses you.
You slash the orc priest!
You kill the orc priest!
Okawaru accepts your kill.
You barely miss the adder. The adder bites you but does no damage.
You barely miss the phantom. You miss the adder. The adder bites you.
You are poisoned.
The adder poisons you! The phantom hits you. The adder bites you.
You are more poisoned.
The adder poisons you!
The phantom hits you but does no damage.
You hit the phantom.
The phantom is lightly damaged.
You hit the adder but do no damage.
You feel very sick. You block the adder's attack.
The phantom hits you but does no damage.
You block the adder's attack.
You miss the phantom.
The phantom is lightly damaged.
You miss the adder.
You feel sick. The adder bites you but does no damage.
The phantom closely misses you.
You slash the phantom!
The phantom is heavily damaged.
You miss the adder.
You feel sick. The adder bites you but does no damage.
The phantom closely misses you. The adder bites you but does no damage.
You barely miss the phantom. You headbutt the phantom!
The phantom is almost destroyed.
You closely miss the adder.
You feel sick.
The phantom hits you but does no damage.
The adder barely misses you.
You slash the phantom!
You destroy the phantom!
Okawaru accepts your kill.
You closely miss the adder.
You feel sick. You block the adder's attack.
The adder bites you but does no damage.
Your Axes skill increases to level 7!
You have reached level 7!
Your demonic ancestry asserts itself...
Sharp scales grow over part of your body.
You closely miss the adder. You headbutt the adder.
The adder is moderately wounded.
You feel sick. The adder bites you but does no damage.
You block the adder's attack.
You barely miss the adder.
The adder is moderately wounded.
You feel sick.
You are no longer poisoned.
You block the adder's attack.
You barely miss the adder. Your headbutt misses the adder.
The adder is moderately wounded.
The adder bites you but does no damage. The adder barely misses you.
You miss the adder. Your headbutt misses the adder.
The adder is moderately wounded.
The adder bites you but does no damage.
You hit the adder.
The adder is severely wounded.
The adder bites you. The adder bites you but does no damage.
You slash the adder!
You kill the adder!
Okawaru accepts your kill.
No target in view!
No target in view!
No target in view!
Are you sure you want to abandon this character and quit the game? (Confirm with "yes".)

#####.#
##############).....#
####............@)#
.....###########..#
>.#### #).# #.# #....
#.# #..!## #.#######
..... .........
.....# #.#######
.#...# ........#


There were no monsters in sight!

Vanquished Creatures
  Sigmund (D:3)
  A phantom (D:4)
  A hound (D:4)
  Crazy Yiuf (D:3)
  2 orc priests (D:4)
  An orc wizard (D:4)
  2 adders
  7 gnolls
  A worm (D:2)
  A dart slug (D:2)
  8 orcs
  9 endoplasms
  6 giant cockroaches
  6 goblins
  3 hobgoblins
  A jackal (D:2)
  5 quokkas
  11 ball pythons
  8 bats
  5 frilled lizards
  3 kobolds
  6 rats
89 creatures vanquished.

Notes
Turn   | Place    | Note
-------+----------+-------------------------------------------
     0 | D:1      | Dani the Demonspawn Fighter began the quest for the Orb.
     0 | D:1      | Reached XP level 1. HP: 18/18 MP: 1/1
    78 | D:1      | Reached skill level 2 in Axes
   172 | D:1      | Gained mutation: You have a pair of small horns on your
                  | head. [demonic ancestry]
   172 | D:1      | Reached XP level 2. HP: 14/24 MP: 2/2
   445 | D:1      | Reached skill level 3 in Axes
   697 | D:2      | Gained mutation: You regenerate a little health from kills.
                  | [demonic ancestry]
   697 | D:2      | Reached XP level 3. HP: 29/29 MP: 3/3
  1537 | D:3      | Gained mutation: You regenerate health from kills. [demonic
                  | ancestry]
  1537 | D:3      | Reached XP level 4. HP: 33/35 MP: 4/4
  1540 | D:3      | Reached skill level 4 in Axes
  1600 | D:3      | Found a radiant altar of Vehumet.
  1600 | D:3      | Noticed a charred statue
  2068 | D:3      | Noticed Sigmund
  2077 | D:3      | Killed Sigmund
  2078 | D:3      | Reached skill level 5 in Axes
  2078 | D:3      | Reached XP level 5. HP: 41/41 MP: 5/5
  2187 | D:3      | Found a runed translucent door.
  2188 | D:3      | Noticed Crazy Yiuf
  2345 | D:4      | Reached XP level 6. HP: 47/47 MP: 6/6
  2488 | D:3      | Killed Crazy Yiuf
  2489 | D:3      | Reached skill level 6 in Axes
  2676 | D:4      | Found an iron altar of Okawaru.
  2730 | D:4      | Became a worshipper of Warmaster Okawaru
  2826 | D:4      | Reached skill level 7 in Axes
  2826 | D:4      | Gained mutation: You are partially covered in razor-sharp
                  | scales. (AC +1, Slay +1) [demonic ancestry]
  2826 | D:4      | Reached XP level 7. HP: 51/52 MP: 7/7
  2832 | D:4      | Quit the game

Illustrated notes

Levels and vault maps discovered:
D:1:      onia_arrival_mini_spirals, layout_rooms
D:2:      minmay_spotlight, layout_basic, minmay_unequal
D:3:      layout_basic, vehumet_statue, uniq_crazy_yiuf_cottage, uniq_sigmund
D:4:      layout_loops_ring, nicolae_dithmenos_shadow_blocks,
          mainiacjoe_overflow_alcove_1, nicolae_shop_fire_sale
          [nicolae_sub_dead_trees], nicolae_elemental_shop

Skill      XL: |  1  2  3  4  5  6 |
---------------+-------------------+-----
Axes           | 2 3 5 7 |  7.1
Fighting       | |  3.0
Armour         | |  2.6
Shields        | |  2.6

Action                     |  1- 3 |  4- 6 |  7- 9 || total
---------------------------+-------+-------+-------++-------
  Melee: War axe           |    99 |   118 |     6 ||   223
         Headbutt          |     9 |    20 |     1 ||    30
    Use: Scroll            |     8 |     2 |       ||    10
         Potion            |       |     1 |       ||     1
 Armour: Scale mail        |    59 |    93 |     4 ||   156
  Dodge: Dodged            |    36 |    54 |     1 ||    91
  Block: Buckler           |    24 |    36 |     2 ||    62

Levels and vault maps discovered:
D:1:      onia_arrival_mini_spirals, layout_rooms
D:2:      minmay_spotlight, layout_basic, minmay_unequal
D:3:      layout_basic, vehumet_statue, uniq_crazy_yiuf_cottage, uniq_sigmund
D:4:      layout_loops_ring, nicolae_dithmenos_shadow_blocks,
          mainiacjoe_overflow_alcove_1, nicolae_shop_fire_sale
          [nicolae_sub_dead_trees], nicolae_elemental_shop

Table legend: (Time is in decaauts)
 A = Elapsed time spent in this place.
 B = Non-inter-level travel time spent in this place.
 C = Inter-level travel time spent in this place.
 D = Time resting spent in this place.
 E = Time spent auto-exploring this place.
 F = Levels seen in this place.
 G = Mean time per level.
                   A        B        C        D        E       F      G
               +--------+--------+--------+--------+--------+-----+--------+
         Total |   2901 |   2726 |    175 |      0 |   2118 |   4 |  725.2 |
       Dungeon |   2901 |   2726 |    175 |      0 |   2118 |   4 |  725.2 |
               +--------+--------+--------+--------+--------+-----+--------+

Top non-repeatable levels by time:
     D:3: 987 daAuts
     D:2: 938 daAuts
     D:1: 604 daAuts
     D:4: 370 daAuts

Table legend:
 A = Kills in this place as a percentage of kills in the entire game.
 B = Kills by you in this place as a percentage of kills by you in the entire game.
 C = Kills by friends in this place as a percentage of kills by friends in the entire game.
 D = Other kills in this place as a percentage of other kills in the entire game.
 E = Experience gained in this place as a percentage of experience gained in the entire game.
 F = Experience gained in this place divided by the number of levels of this place that you have seen.
                   A       B       C       D       E      F
               +-------+-------+-------+-------+-------+----------------------
         Total | 100.0 | 100.0 |   N/A |   N/A | 100.0 | 192.8
       Dungeon | 100.0 | 100.0 |   N/A |   N/A | 100.0 | 192.8
               +-------+-------+-------+-------+-------+----------------------
